 Dungeon Crawl Stone Soup version 0.30-a0-879-ga8ba668304 (webtiles) character file.

Game seed: 17337446239991695801

101618 ZoeForever1 the Cardsharp (level 15, -1/117 HPs)
             Began as a Demonspawn Reaver on Mar 13, 2023.
             Was a High Priest of Nemelex Xobeh.
             Slain by a +3 hand axe of distortion (7 damage)
             ... on level 2 of the Elven Halls.
             The game lasted 01:15:31 (27019 turns).

ZoeForever1 the Cardsharp (Demonspawn Reaver)      Turns: 27019, Time: 01:15:31

Health: -1/117     AC: 25    Str: 13    XL:     15   Next: 83%
Magic:  28/28      EV: 18    Int: 27    God:    Nemelex Xobeh [*****.]
Gold:   786        SH:  8    Dex: 19    Spells: 19/33 levels left

rFire   + . .      SeeInvis +    C - +3 scimitar (flame)
rCold   + . .      Faith    .    N - +2 buckler of Happiness {rF+ rCorr Dex+4 Stlth+}
rNeg    . . .      Spirit   .    H - +5 steam dragon scales
rPois   .          Reflect  .    R - +1 hat {Int+3}
rElec   +          Rampage  +    (cloak unavailable)
rCorr   +                        n - +0 pair of gloves of Words of Power {Fly Int+3 Dex-3}
Will    +....                    o - +0 pair of boots {rampage}
Stlth   +++                      J - amulet of Gonycwur {rElec Regen+ Dex+6}
HPRegen 1.19/turn                v - ring of protection from cold
MPRegen 0.21/turn                G - ring of see invisible

@: sanguine armoured, flying, invisible
A: spiny 2, sanguine armour 3, condensation shield, bedeviling, weakness stinger
3
a: Renounce Religion, Draw Escape, Draw Destruction, Draw Summoning, Draw Stack,
Triple Draw, Deal Four, Stack Five


You were on level 2 of the Elven Halls.
You worshipped Nemelex Xobeh.
Nemelex Xobeh was extremely pleased with you.
You visited 5 branches of the dungeon, and saw 20 of its levels.
You visited the Abyss 3 times.
You also visited: Ossuary and Bailey.

You collected 2086 gold pieces.
You spent 1300 gold pieces at shops.

Inventory:

Hand Weapons
 C - a +3 scimitar of flaming (weapon)
 M - the +5 rapier of Termination {flame, rC+ rN+ Int+3}
   (You found it on level 8 of the Dungeon)

   Int:       It affects your intelligence (+3).
   rC:        It protects you from cold.
   rN:        It protects you from negative energy.
Missiles
 P - a throwing net
Armour
 n - the +0 pair of gloves of Words of Power (worn) {Fly Int+3 Dex-3}
   (You acquired it on level 15 of the Dungeon)

   Int:       It affects your intelligence (+3).
   Dex:       It affects your dexterity (-3).
   Fly:       It grants you flight.
 o - a +0 pair of boots of rampaging (worn)
 H - +5 steam dragon scales (worn)
 N - the +2 buckler of Happiness (worn) {rF+ rCorr Dex+4 Stlth+}
   (You acquired it on level 11 of the Dungeon)

   Dex:       It affects your dexterity (+4).
   rF:        It protects you from fire.
   rCorr:     It protects you from acid and corrosion.
   Stlth:     It makes you more stealthy.
 R - a +1 hat of intelligence (worn)
Magical Staves
 y - a staff of fire
Jewellery
 g - a ring of poison resistance
 i - a ring of protection from cold
 v - a ring of protection from cold (left hand)
 x - an amulet of the acrobat
 G - a ring of see invisible (right hand)
 I - an amulet of reflection
 J - the amulet of Gonycwur (around neck) {rElec Regen+ Dex+6}
   (You acquired it on level 13 of the Dungeon)

   [amulet of regeneration]

   Dex:       It affects your dexterity (+6).
   rElec:     It insulates you from electricity.
   Regen:     It increases your rate of health regeneration.
 O - a ring of resist corrosion
 S - a +6 ring of strength
 V - a ring of fire
 X - a ring of flight
Wands
 w - a wand of paralysis (24)
 F - a wand of flame (5)
 L - a wand of mindburst (5)
 Q - a wand of roots (2)
Scrolls
 a - 4 scrolls of enchant weapon
 e - 2 scrolls of silence
 j - 2 scrolls of torment
 m - 10 scrolls of vulnerability
 q - a scroll of brand weapon
 s - 3 scrolls of immolation
 A - 3 scrolls of fear
 T - 2 scrolls of poison
 U - a scroll of magic mapping
 W - a scroll of enchant armour
 Y - a scroll of identify
Potions
 d - 2 potions of attraction
 h - 8 potions of curing
 k - 2 potions of invisibility
 l - 2 potions of lignification
 p - 2 potions of cancellation
 r - 3 potions of ambrosia
 u - a potion of resistance
 z - 2 potions of flight {unknown}
 B - 8 potions of haste
 D - 3 potions of mutation {unknown}
 E - 2 potions of magic
 K - 2 potions of brilliance {unknown}


   Skills:
 + Level 10.7 Fighting
 + Level 10.0 Long Blades
 + Level 9.8 Dodging
 + Level 6.6 Shields
 + Level 9.9 Spellcasting
 + Level 10.9 Conjurations
 * Level 10.2 Ice Magic
 + Level 7.0 Air Magic
 + Level 12.5 Invocations


You had 19 spell levels left.
You knew the following spells:

 Your Spells              Type           Power      Damage    Failure   Level
a - Kiss of Death         Conj/Necr      100%       2d13      1%          1
b - Momentum Strike       Conj/Tloc      84%        3d10      1%          2
c - Hailstorm             Conj/Ice       63%        3d13      1%          3
d - Ozocubu's Armour      Ice            62%        N/A       1%          3
e - Freezing Cloud        Conj/Ice/Air   29%        6-21      3%          5

Your spell library contained the following spells:

 Spells                   Type           Power      Damage    Failure   Level
 Shock                    Conj/Air       100%       1d9       1%          1
 Mephitic Cloud           Conj/Pois/Air  45%        N/A       1%          3
 Swiftness                Air            51%        N/A       1%          3
 Airstrike                Air            25%        2d(4-20)  3%          4
 Lightning Bolt           Conj/Air       29%        1d45      3%          5
 Apportation              Tloc           26%        N/A       5%          1
 Necrotise                Necr           52%        1d6       5%          1
 Summon Small Mammal      Summ           52%        N/A       5%          1
 Kindle Blastsparks       Fire/Tloc/Air  52%        2d14      6%          3
 Flame Wave               Conj/Fire      42%        2d11      6%          4
 Summon Lightning Spire   Summ/Air       32%        N/A       13%         4
 Call Canine Familiar     Summ           13%        N/A       17%         3
 Ignite Poison            Fire/Tmut/Pois 13%        N/A       17%         3
 Portal Projectile        Hex/Tloc       40%        N/A       17%         3
 Tukima's Dance           Hex            20%        N/A       17%         3
 Vampiric Draining        Necr           13%        2d6       17%         3
 Leda's Liquefaction      Hex/Erth       10%        N/A       50%         4
 Passage of Golubria      Tloc           13%        N/A       50%         4
 Ozocubu's Refrigeration  Ice            31%        4d14      56%         7
 Agony                    Necr           13%        N/A       83%         5
 Yara's Violent Unravell  Hex/Tmut       10%        3d6       83%         5
 Chain Lightning          Conj/Air       29%        3d38      100%        9


Dungeon Overview and Level Annotations

Branches:
Dungeon (15/15)            Temple (1/1) D:4            Lair (0/5) D:8
    Orc (2/2) D:11            Elf (2/3) Orc:2        Vaults (0/5) D:13
 Depths (1/4) D:15        Ossuary (visited)          Bailey (visited)

Altars:
Ashenzari
Cheibriados
Dithmenos
Fedhas
Gozag
Hepliaklqana
Kikubaaqudgha
Makhleb
Nemelex Xobeh
Okawaru
Qazlal
Ru
Sif Muna
Trog
Uskayaw
Vehumet
Wu Jian
Xom
Yredelemnul

Shops:
D:3 [   D:8 (   D:15 *   Orc:2 ([(:*

Annotations:
D:7 3 runed translucent doors, oldriver's ghost, novice GrCK
D:10 1 runed translucent door
D:13 2 transporters, Umaraj's ghost, journeyman KoHu
D:14 1 runed translucent door, pokeman's ghost, journeyman DEHW
Orc:1 2 transporters, Zoap's ghost, journeyman MiBe
Depths:1 exclusion: orange crystal statue


Innate Abilities, Weirdness & Mutations

You are mostly covered in sharp spines.
When seriously injured, your blood forms very thick armour. (AC +12)
A meltable shield of frost defends you. (SH +0)
Your hexes are more powerful.
You have a sharp stinger which inflicts weakening toxins.


Message History

The starflower misses you. The starflower tentacle-slaps you!
Space warps horribly around you!!
Your blood congeals into armour.
The smoke demon attacks as you move away!
The smoke demon hits you but does no damage.
You block the smoke demon's attack. The smoke demon misses you.
The smoke demon gestures at you. Something smites you!
The starflower misses you. The starflower barely misses you.
The starflower tentacle-slaps you but does no damage.
The starflower is struck by your spines.
The starflower tentacle-slaps you but does no damage.
The starflower misses you. The starflower barely misses you.
There is a gateway leading out of the Abyss here.
The worldbinder calls forth creatures from the Vaults!
The starflower tentacle-slaps you! Space warps horribly around you!
The starflower misses you. You block the starflower's attack.
The white imp is engulfed in a cloud of scalding steam.
The starflower misses you.
The starflower tentacle-slaps you but does no damage.
The starflower barely misses you. The smoke demon gestures at you.
Something smites you!
* * * LOW HITPOINT WARNING * * *
You pass through the gate.
Welcome back to the Elven Halls!
The +3 hand axe of distortion completely misses you.
Unknown command.
You can't see any enemies this would affect, really read the scroll of fear?
Okay, then.
You fade into invisibility!
The +3 hand axe of distortion is struck by your spines.
The +3 hand axe of distortion hits you!
* * * LOW HITPOINT WARNING * * *
You resist the pull of the Abyss.
The +3 hand axe of distortion is struck by your spines.
The +3 hand axe of distortion hits you!
* * * LOW HITPOINT WARNING * * *
Space warps horribly around you!
You die...
Your body glows with a rainbow of weird colours and disappears.

##...#####.......#
##...##...........
##................
##.................
#..................
##.................
##................
##...............
##..(@............
#...............
##..............
##.............
##...#......^..
##...###........
#...## ##.......
##...## .......
##...# .......


You could see a +3 hand axe of distortion (unable to see you).

Vanquished Creatures
  Saint Roka (Orc:2)
  Jorgrun (Orc:1)
  Gastronok (Orc:1)
  A deep elf sorcerer (Elf:1)
  2 orc warlords
  A deep elf elementalist (Abyss:2)
  The ghost of niangp the Severer, a journeyman MiBe of Trog (Orc:2)
  A deep elf demonologist (Elf:2)
  Azrael (Orc:2)
  A great orb of eyes (D:15)
  3 hydras
  2 vault guards
  2 centaur warriors
  18 dancing weapons
  2 boulder beetles (D:12)
  3 two-headed ogres
  4 tengu warriors
  8 orc high priests
  Urug (Orc:1)
  11 deep elf knights
  A thrashing horror (Abyss:2)
  Lodul (D:10)
  3 skeletal warriors (D:12)
  5 deep elf archers
  Pikel (D:3)
  5 orc knights
  18 deep elf zephyrmancers
  4 orc sorcerers
  19 deep elf pyromancers
  6 ugly things (D:15)
  3 cyclopes
  A moth of wrath (D:14)
  4 manticores
  Maurice (Orc:2)
  A black mamba (shapeshifter) (D:13)
  A gargoyle (D:12)
  Psyche (D:8)
  A kobold demonologist (D:13)
  2 unseen horrors
  Maggie (D:6)
  An efreet (D:11)
  4 yaktaurs
  An ancient zyme (Abyss:2)
  A tengu conjurer (D:13)
  3 meliai (D:13)
  9 trolls
  Grinder (D:5)
  A blink frog (shapeshifter) (D:15)
  A shadow (D:10)
  19 slime creatures
  5 air elementals
  A ynoxinul (Abyss:2)
  5 fire elementals
  A spriggan (shapeshifter) (D:12)
  Eustachio (D:6)
  3 basilisks
  10 yaks
  9 humans
  6 wyverns
  8 redbacks (D:15)
  3 vampire mosquitoes (D:12)
  Menkaure (D:6)
  2 steam dragons
  9 wargs
  5 hell hounds
  4 water moccasins (D:8)
  3 small abominations (Abyss:2)
  41 orc warriors
  2 sky beasts
  2 black bears
  14 ogres
  8 centaurs
  2 lemures (D:3)
  3 kobold brigands
  4 bullfrogs
  12 scorpions
  3 killer bees (D:7)
  2 electric eels (D:10)
  7 howler monkeys
  3 centaur zombies (Ossuary)
  A quasit (Abyss:2)
  A human zombie (Ossuary)
  3 jellies
  13 orc priests
  3 hounds
  Ijyb (D:5)
  11 orc wizards
  A sleepcap (D:6)
  Natasha (twice) (D:4)
  3 iguanas
  2 scorpion zombies (Ossuary)
  4 mummies
  10 gnolls
  6 adders
  3 white imps
  3 ufetubi
  2 worms
  5 dart slugs
  57 orcs
  5 bats
  9 endoplasms
  2 giant cockroaches
  2 gnoll zombies (Ossuary)
  27 goblins
  16 hobgoblins
  2 jackals (D:5)
  7 quokkas
  5 ball pythons (D:2)
  5 frilled lizards
  3 goblin zombies
  3 hobgoblin zombies
  16 kobolds
  4 kobold zombies (Ossuary)
  An orc zombie (Ossuary)
  8 rats
610 creatures vanquished.

Vanquished Creatures (collateral kills)
  An ice dragon (D:15)
  An ice statue (D:15)
  A freezing wraith (D:15)
3 creatures vanquished.

Vanquished Creatures (others)
  A human (D:13)
  An ufetubus (Abyss:2)
  A bush (D:8)
  28 fungi
  20 plants (D:8)
  11 starspawn tentacles (Abyss:2)
62 creatures vanquished.

Grand Total: 675 creatures vanquished

Notes
Turn   | Place    | Note
-------+----------+-------------------------------------------
     0 | D:1      | ZoeForever1 the Demonspawn Reaver began the quest for the
                  | Orb.
     0 | D:1      | Reached XP level 1. HP: 16/16 MP: 3/3
   115 | D:1      | Gained mutation: You have a small tail. [demonic ancestry]
   115 | D:1      | Reached XP level 2. HP: 5/22 MP: 5/5
   393 | D:1      | Found a faded altar of an unknown god.
   479 | D:1      | Learned a level 2 spell: Momentum Strike
   635 | D:1      | Gained mutation: You have a tail ending in a sharp stinger.
                  | [demonic ancestry]
   635 | D:1      | Reached XP level 3. HP: 19/28 MP: 6/6
  1188 | D:2      | Found a broken altar of Ashenzari.
  1659 | D:2      | Gained mutation: A meltable shield of frost defends you.
                  | (SH +0) [demonic ancestry]
  1659 | D:2      | Reached XP level 4. HP: 18/34 MP: 7/7
  1979 | D:3      | Identified the +0 sling of Otihemofan {drain, rElec rN+
                  | Stlth+}
  2211 | D:3      | Found Naizemm's Antique Armour Shop.
  2236 | D:3      | Bought a pair of glowing boots for 187 gold pieces
  2403 | D:3      | Found a blossoming altar of Fedhas.
  2807 | D:3      | Reached XP level 5. HP: 40/40 MP: 6/9
  3037 | D:3      | Learned a level 3 spell: Hailstorm
  3197 | D:4      | Noticed an ogre
  3198 | D:4      | Found a staircase to the Ecumenical Temple.
  3203 | D:4      | Killed an ogre
  3204 | D:4      | Reached skill level 1 in Ice Magic
  3204 | D:4      | Gained mutation: You are partially covered in sharp spines.
                  | [demonic ancestry]
  3204 | D:4      | Reached XP level 6. HP: 47/47 MP: 7/10
  3242 | Temple   | Entered the Ecumenical Temple
  3428 | Temple   | Became a worshipper of Nemelex Xobeh the Trickster
  3493 | D:4      | Noticed Pikel
  3696 | D:3      | Killed Pikel
  3697 | D:3      | Gained mutation: You have a sharp stinger which inflicts
                  | weakening toxins. [demonic ancestry]
  3697 | D:3      | Reached XP level 7. HP: 6/54 MP: 2/12
  4136 | D:4      | Found a shimmering blue altar of Sif Muna.
  4190 | D:4      | Noticed Natasha
  4195 | D:4      | Killed Natasha
  4323 | D:4      | Found an ornate altar of the Wu Jian Council.
  4395 | D:4      | Noticed Natasha
  4397 | D:4      | Killed Natasha
  4437 | D:5      | Entered Level 5 of the Dungeon
  4440 | D:5      | Noticed Ijyb
  4457 | D:5      | Gained mutation: When seriously injured, your blood forms
                  | armour. (AC +12) [demonic ancestry]
  4457 | D:5      | Reached XP level 8. HP: 53/60 MP: 8/14
  4463 | D:5      | Killed Ijyb
  4553 | D:5      | Reached * piety under Nemelex Xobeh
  4569 | D:5      | Noticed Grinder
  4576 | D:5      | Reached skill level 1 in Invocations
  4626 | D:5      | Killed Grinder
  4627 | D:5      | Reached skill level 5 in Conjurations
  4779 | D:5      | Reached skill level 2 in Invocations
  4977 | D:5      | Found a hide-covered altar of Uskayaw.
  4985 | D:5      | Received a gift from Nemelex Xobeh
  5453 | D:6      | Reached skill level 3 in Invocations
  5503 | D:6      | Noticed Eustachio
  5517 | D:6      | Killed Eustachio
  5518 | D:6      | Reached skill level 5 in Fighting
  5518 | D:6      | Reached skill level 5 in Long Blades
  5537 | D:6      | Gained mutation: When seriously injured, your blood forms
                  | thick armour. (AC +12) [demonic ancestry]
  5537 | D:6      | Reached XP level 9. HP: 54/68 MP: 7/16
  5551 | D:6      | Found a sand-covered staircase.
  5557 | Ossuary  | Entered an ossuary
  5929 | Ossuary  | Reached skill level 5 in Spellcasting
  6027 | Ossuary  | Reached skill level 4 in Invocations
  6318 | D:6      | Reached skill level 5 in Dodging
  6350 | D:6      | Noticed Maggie
  6366 | D:6      | Killed Maggie
  6516 | D:6      | Noticed Menkaure
  6524 | D:6      | Killed Menkaure
  6620 | D:6      | Reached ** piety under Nemelex Xobeh
  7156 | D:7      | Reached skill level 5 in Invocations
  7237 | D:7      | Noticed oldriver's ghost (novice GrCK)
  7240 | D:7      | Identified the +1 chain mail "Geisu" {rElec Regen+ Int-4
                  | Slay+5}
  7246 | D:7      | Found a runed translucent gate.
  7246 | D:7      | Found a runed translucent gate.
  7246 | D:7      | Found a runed translucent gate.
  7995 | D:8      | Gained mutation: When seriously injured, your blood forms
                  | very thick armour. (AC +12) [demonic ancestry]
  7995 | D:8      | Reached XP level 10. HP: 59/76 MP: 18/18
  8096 | D:8      | Identified the +6 sling "Onoudese" {speed, +Blink Int+4}
  8304 | D:8      | Found a radiant altar of Vehumet.
  8647 | D:8      | Reached skill level 5 in Ice Magic
  8647 | D:8      | Reached skill level 6 in Invocations
  9084 | D:8      | Found a staircase to the Lair.
  9147 | D:8      | Noticed Psyche
  9158 | D:8      | Killed Psyche
  9319 | D:8      | Found Rypsue's Weapon Shoppe.
  9333 | D:8      | Identified the +5 rapier of Termination {flame, rC+ rN+
                  | Int+3}
  9458 | D:8      | Noticed a manticore
  9474 | D:8      | Killed a manticore
  9916 | D:8      | You fall into a shaft and drop 3 floors!
  9964 | D:10     | Entered Level 10 of the Dungeon
  9964 | D:10     | Found a runed translucent door.
  9976 | D:10     | Noticed Lodul
  9985 | D:10     | Killed Lodul
  9986 | D:10     | Reached skill level 7 in Invocations
  9986 | D:10     | Reached XP level 11. HP: 55/84 MP: 12/20
 10208 | D:10     | Found a burning altar of Makhleb.
 10208 | D:10     | Noticed a sixfirhy
 10259 | D:10     | Received a gift from Nemelex Xobeh
 10264 | D:10     | Found a flagged portal.
 10288 | Bailey   | Entered a bailey
 10452 | Bailey   | Reached *** piety under Nemelex Xobeh
 10498 | Bailey   | Noticed an orc knight
 10513 | Bailey   | Killed an orc knight
 10530 | Bailey   | Noticed an orc warlord
 10561 | Bailey   | Killed an orc warlord
 10925 | Bailey   | Learned a level 3 spell: Ozocubu's Armour
 10931 | Bailey   | Learned a level 5 spell: Freezing Cloud
 11264 | D:10     | Found an opulent altar of Gozag.
 11265 | D:10     | Received a gift from Nemelex Xobeh
 11750 | D:10     | Found a basalt altar of Yredelemnul.
 11786 | D:10     | Reached skill level 1 in Air Magic
 12007 | D:11     | Reached skill level 8 in Invocations
 12136 | D:11     | Found a staircase to the Orcish Mines.
 12467 | D:11     | Noticed a two-headed ogre
 12476 | D:11     | Killed a two-headed ogre
 12683 | D:11     | Acquired the +2 buckler of Happiness {rF+ rCorr Dex+4
                  | Stlth+}
 12694 | D:11     | Reached **** piety under Nemelex Xobeh
 13116 | D:12     | Noticed a boulder beetle
 13177 | D:12     | Killed a boulder beetle
 13220 | D:12     | Noticed a boulder beetle
 13255 | D:12     | Killed a boulder beetle
 13256 | D:12     | Reached skill level 1 in Shields
 13372 | D:12     | Received a gift from Nemelex Xobeh
 13415 | D:12     | Noticed a skeletal warrior
 13422 | D:12     | Reached XP level 12. HP: 67/92 MP: 19/22
 13500 | D:12     | Noticed a two-headed ogre
 13506 | D:12     | Killed a two-headed ogre
 14361 | D:12     | Received a gift from Nemelex Xobeh
 14719 | D:13     | Reached skill level 9 in Invocations
 14836 | D:13     | Noticed a two-headed ogre
 14843 | D:13     | Killed a two-headed ogre
 15194 | D:13     | Noticed a two-headed ogre
 15196 | D:13     | Noticed Umaraj's ghost (journeyman KoHu)
 15197 | D:13     | Noticed a two-headed ogre
 15197 | D:13     | Identified the +10 great mace of Ytoabuam {venom, rPois
                  | Will+ MP+9}
 15197 | D:13     | Noticed an ettin
 15199 | D:13     | Found a transporter.
 15199 | D:13     | Noticed a two-headed ogre
 15202 | D:13     | Noticed a two-headed ogre
 15203 | D:13     | Found a transporter.
 15203 | D:13     | Noticed a two-headed ogre
 15239 | D:13     | Noticed a centaur warrior
 15248 | D:13     | Killed a centaur warrior
 15448 | D:13     | Noticed a tengu warrior
 15470 | D:13     | Killed a tengu warrior
 16149 | D:13     | Noticed a five-headed hydra
 16155 | D:13     | Killed a four-headed hydra
 16244 | D:13     | Noticed a vault guard
 16244 | D:13     | Noticed a vault guard
 16471 | D:13     | Acquired the amulet of Gonycwur {rElec Regen+ Dex+6}
 16499 | D:13     | Killed a vault guard
 16547 | D:13     | Gained mutation: You are mostly covered in sharp spines.
                  | [demonic ancestry]
 16547 | D:13     | Reached XP level 13. HP: 99/99 MP: 21/25
 16576 | D:13     | Found a gate to the Vaults.
 16853 | D:14     | Received a gift from Nemelex Xobeh
 17320 | D:14     | Reached ***** piety under Nemelex Xobeh
 17435 | D:14     | Received a gift from Nemelex Xobeh
 17464 | D:14     | Reached skill level 10 in Invocations
 17545 | D:14     | Found a bloodstained altar of Trog.
 17870 | D:14     | Found a runed translucent door.
 17871 | D:14     | Found a shimmering altar of Xom.
 17871 | D:14     | Noticed pokeman's ghost (journeyman DEHW)
 18227 | D:15     | Entered Level 15 of the Dungeon
 19034 | D:15     | Received a gift from Nemelex Xobeh
 19305 | D:15     | Received a gift from Nemelex Xobeh
 19395 | D:15     | Found a staircase to the Depths.
 19555 | D:15     | Found Zanutt's General Store.
 19563 | D:15     | Bought a scroll of acquirement for 728 gold pieces
 19563 | D:15     | Bought a potion of ambrosia for 112 gold pieces
 19563 | D:15     | Bought a scroll of magic mapping for 105 gold pieces
 19576 | D:15     | Reached skill level 5 in Air Magic
 19618 | D:15     | Acquired the +0 pair of gloves of Words of Power {Fly Int+3
                  | Dex-3}
 19779 | Depths:1 | Entered Level 1 of the Depths
 19780 | Depths:1 | Noticed a stone giant
 19781 | Depths:1 | Noticed a stone giant
 19958 | Orc:1    | Entered Level 1 of the Orcish Mines
 19958 | Orc:1    | Noticed Urug
 19965 | Orc:1    | Killed Urug
 19998 | Orc:1    | Noticed Jorgrun
 20010 | Orc:1    | Killed Jorgrun
 20155 | Orc:1    | Noticed Gastronok
 20166 | Orc:1    | Killed Gastronok
 20167 | Orc:1    | Reached XP level 14. HP: 108/108 MP: 9/26
 20489 | Orc:1    | Received a gift from Nemelex Xobeh
 20589 | Orc:1    | Found a transporter.
 20589 | Orc:1    | Noticed Zoap's ghost (journeyman MiBe)
 20610 | Orc:1    | Found a transporter.
 20812 | Orc:2    | Entered Level 2 of the Orcish Mines
 20812 | Orc:2    | Noticed Azrael
 20812 | Orc:2    | Found Lonly's Book Shop.
 20812 | Orc:2    | Received a gift from Nemelex Xobeh
 20819 | Orc:2    | Killed Azrael
 21052 | Orc:2    | Noticed Saint Roka
 21073 | Orc:2    | Noticed Maurice
 21080 | Orc:2    | Killed Maurice
 21082 | Orc:2    | Killed Saint Roka
 21083 | Orc:2    | Reached skill level 5 in Shields
 21083 | Orc:2    | Reached skill level 11 in Invocations
 21187 | Orc:2    | Found Emnonnoady's Antique Weapon Emporium.
 21817 | Orc:2    | Reached skill level 10 in Conjurations
 21991 | Orc:2    | Found Muntokhi's Antique Weapon Shop.
 22081 | Orc:2    | Found a staircase to the Elven Halls.
 22120 | Orc:2    | Found Asyzilan's General Store.
 22273 | Orc:2    | Bought a potion of cancellation for 112 gold pieces
 22273 | Orc:2    | Bought a scroll of poison for 56 gold pieces
 22328 | Orc:2    | Noticed an orc warlord
 22343 | Orc:2    | Killed an orc warlord
 22398 | Orc:2    | Found Sejeetyxt's Antique Armour Shoppe.
 22509 | Orc:2    | Found a runed translucent gate.
 22509 | Orc:2    | Found a runed translucent gate.
 22509 | Orc:2    | Found a runed translucent gate.
 22509 | Orc:2    | Noticed niangp's ghost (journeyman MiBe)
 22522 | Orc:2    | Received a gift from Nemelex Xobeh
 22622 | Orc:2    | Killed niangp's ghost
 22696 | Elf:1    | Entered Level 1 of the Elven Halls
 22712 | Elf:1    | Reached skill level 10 in Fighting
 23418 | Elf:1    | Identified the +2 sling of Karma {drain, rC- Int+4}
 23432 | Elf:1    | Noticed a deep elf sorcerer
 23434 | Abyss:2  | Cast into level 2 of the Abyss (a deep elf sorcerer)
 23479 | Elf:1    | Escaped the Abyss
 23482 | Elf:1    | Killed a deep elf sorcerer
 23483 | Elf:1    | Gained mutation: Your hexes are more powerful. [demonic
                  | ancestry]
 23483 | Elf:1    | Reached XP level 15. HP: 70/115 MP: 11/28
 23623 | Elf:1    | Got the Exposition on Fulmination
 24027 | Elf:1    | Reached ****** piety under Nemelex Xobeh
 24027 | Elf:1    | Received a gift from Nemelex Xobeh
 24359 | Elf:2    | Reached skill level 12 in Invocations
 24539 | Elf:2    | Found a runed translucent gate.
 24539 | Elf:2    | Found a runed translucent gate.
 24539 | Elf:2    | Found a runed translucent gate.
 25497 | Elf:2    | Reached skill level 10 in Ice Magic
 25973 | Abyss:2  | Cast into level 2 of the Abyss (+0 triple sword of
                  | distortion)
 26076 | Abyss:2  | Received a gift from Nemelex Xobeh
 26101 | Abyss:2  | Noticed a tentacled monstrosity
 26103 | Abyss:2  | Noticed a lich
 26109 | Abyss:2  | Found a runed translucent gate.
 26109 | Abyss:2  | Found a runed translucent gate.
 26111 | Abyss:2  | Found a runed translucent gate.
 26148 | Abyss:2  | Noticed a bone dragon
 26159 | Abyss:2  | HP: 5/117 [thrashing horror (1)]
 26207 | Abyss:2  | Noticed an ancient lich
 26208 | Abyss:2  | Received a gift from Nemelex Xobeh
 26216 | Abyss:2  | Identified the +2 long sword "Hellblazer" {protect, Fly rF-
                  | rC++ rCorr}
 26419 | Abyss:2  | Noticed a tentacled starspawn
 26437 | Abyss:2  | Received a gift from Nemelex Xobeh
 26451 | Abyss:2  | Noticed a bone dragon
 26469 | Abyss:2  | Found a corrupted altar of Lugonu.
 26470 | Abyss:2  | Found a corrupted altar of Lugonu.
 26499 | Abyss:2  | Noticed a tentacled starspawn
 26524 | Abyss:2  | Reached skill level 10 in Long Blades
 26553 | Abyss:2  | Noticed a tentacled monstrosity
 26557 | Abyss:2  | Received a gift from Nemelex Xobeh
 26575 | Abyss:2  | Found a runed translucent gate.
 26575 | Abyss:2  | Found a corrupted altar of Lugonu.
 26575 | Abyss:2  | Found a runed translucent gate.
 26575 | Abyss:2  | Found a runed translucent gate.
 26578 | Abyss:2  | Found a runed translucent gate.
 26611 | Abyss:2  | Found a corrupted altar of Lugonu.
 26668 | Elf:2    | Escaped the Abyss
 26899 | Abyss:2  | Found a corrupted altar of Lugonu.
 26899 | Abyss:2  | Cast into level 2 of the Abyss (+3 hand axe of distortion)
 26965 | Abyss:2  | Found a corrupted altar of Lugonu.
 27018 | Elf:2    | Escaped the Abyss
 27019 | Elf:2    | Slain by a +3 hand axe of distortion

Illustrated notes

Levels and vault maps discovered:
D:1:      tarquinn_simple_flora_water_b, layout_basic,
          ebering_ecumenical_altar_rust, minmay_misc_feat_ornament
D:2:      layout_basic, basic_altar
D:3:      layout_loops_corners, fedhas_altar_fruit_tree, serial_shops,
          shop_coins, chequers_serial_rivers_small_3
D:4:      layout_cave_pools, pdpol_wu_jian_five_deadly_venoms,
          mainiacjoe_overflow_alcove_1, minmay_temple_entry_glass,
          moated_statue, uniq_natasha, uniq_pikel
D:5:      layout_basic, mainiacjoe_overflow_concentric_impassable, uniq_grinder,
          uniq_ijyb
D:6:      layout_cave_pools, nicolae_ossuary_entry_giza,
          chequers_serial_rivers_small_3, uniq_eustachio, uniq_maggie,
          uniq_menkaure
D:7:      layout_loops_ring, biasface_ghost_orc_armoury
D:8:      layout_loops_corners, nicolae_overflow_crystal_walls,
          minmay_lair_entry_grove, serial_shops,
          nicolae_shop_bloodbath_and_beyond, minmay_puff, uniq_psyche
D:10:     layout_basic, nzn_makhleb_speed_demon,
          mainiacjoe_overflow_six_doors_small, grunt_gozag_breadcrumbs,
          enter_bailey_2, grunt_decor_mini_mirrors, disabler_island, uniq_lodul
D:11:     layout_roguey, minmay_orc_entry_guard_dogs
D:12:     layout_irregular_city
D:13:     wander_river, layout_loops_corners, ximxim_vaults_locker_room,
          gammafunk_ghost_smash
D:14:     layout_loops_corners, nicolae_tso_swordbearing_angel,
          ebering_ghost_xom, chequers_serial_rivers_micro_a,
          dreamdust_princess_bridge, tgw_trog
D:15:     gammafunk_enter_depths_forms, layout_gridville,
          chequers_serial_rivers_large_a, serial_shops, nicolae_shop_trees,
          portal_ice_cave_entry_ice_statue_two, drop_trap
Temple:   minmay_temple_curvy_loop
Orc:1:    layout_caves, gammafunk_ghost_arena, uniq_jorgrun, uniq_gastronok,
          uniq_urug
Orc:2:    grunt_orc_gardens, layout_caves, grunt_orc_garden, grunt_orc_garden,
          grunt_orc_garden, grunt_orc_garden, serial_shops,
          nicolae_shop_temple_entry_statues_fountains,
          ebering_ghost_rock_garden, uniq_azrael, uniq_maurice, uniq_saint_roka
Elf:1:    eino_elf_arrival_customs, layout_rooms, minmay_elf_annihilation,
          grunt_ministairs_1
Elf:2:    elven_hall_of_blades_hangedman_original
          [nicolae_blade_entry_floor_patterns], layout_gridlike
Depths:1: due_jory_tower, layout_gridlike, pf_hell_entry_tar_river,
          minivault_16, nicolae_kite_square_tiling_tiny,
          hangedman_decor_peaks_small, dpeg_stationary_puzzle

Skill      XL: |  1  2  3  4  5  6  7  8  9 10 11 12 13 14 15 |
---------------+----------------------------------------------+-----
Dodging        | 2 3 4 5 6 7 8 9 |  9.8
Long Blades    | 3 4 5 6 7 8 9 10 | 10.0
Fighting       | 3 4 5 7 8 9 10 | 10.7
Spellcasting   | 3 4 5 6 7 8 9 |  9.9
Conjurations   | 4 5 6 7 8 9 10 | 10.9
Ice Magic      | 1 2 3 4 5 6 7 8 9 10 | 10.2
Invocations    | 3 5 7 8 9 10 11 12 | 12.5
Air Magic      | 2 3 5 6 7 |  7.0
Shields        | 1 3 4 5 6 |  6.6

Action                     |  1- 3 |  4- 6 |  7- 9 | 10-12 | 13-15 || total
---------------------------+-------+-------+-------+-------+-------++-------
  Melee: Falchion          |   121 |       |       |       |       ||   121
         Tailslap          |    11 |     5 |    50 |   110 |    90 ||   266
         Punch             |     2 |       |     2 |     6 |       ||    10
         Long sword        |    18 |    88 |   217 |       |       ||   323
         Scimitar          |       |       |    73 |   610 |   506 ||  1189
         Unarmed           |       |       |       |     3 |       ||     3
   Cast: Momentum Strike   |     2 |    13 |    24 |    25 |       ||    64
         Kiss of Death     |       |     3 |       |     3 |       ||     6
         Hailstorm         |       |       |     7 |    18 |     3 ||    28
         Ozocubu's Armour  |       |       |       |    18 |    37 ||    55
         Freezing Cloud    |       |       |       |    17 |   145 ||   162
 Invoke: Draw Summoning    |       |       |       |       |     1 ||     1
         Draw Destruction  |       |       |       |       |     6 ||     6
         Triple Draw       |       |       |       |       |     2 ||     2
         Draw Stack        |       |       |       |       |     2 ||     2
         Deal Four         |       |       |       |       |     1 ||     1
         Stack Five        |       |       |       |       |     1 ||     1
         Draw Escape       |       |       |       |       |     1 ||     1
  Evoke: Wand              |       |       |       |    19 |    17 ||    36
    Use: Scroll            |     1 |       |     8 |    16 |    20 ||    45
         Potion            |       |       |       |     2 |    12 ||    14
   Stab: Sleeping          |       |     1 |     1 |     3 |     2 ||     7
         Distracted        |       |       |       |       |     1 ||     1
 Armour: Leather armour    |    35 |    15 |    60 |       |       ||   110
         Steam dragon scal |       |       |    16 |   145 |   204 ||   365
  Dodge: Dodged            |    64 |    81 |   193 |   344 |   434 ||  1116
  Block: Other             |       |    28 |    60 |    78 |       ||   166
         Buckler           |       |       |       |   194 |   465 ||   659
         Reflection        |       |       |       |     7 |       ||     7

Table legend: (Time is in decaauts)
 A = Elapsed time spent in this place.
 B = Non-inter-level travel time spent in this place.
 C = Inter-level travel time spent in this place.
 D = Time resting spent in this place.
 E = Time spent auto-exploring this place.
 F = Levels seen in this place.
 G = Mean time per level.
                   A        B        C        D        E       F      G
               +--------+--------+--------+--------+--------+-----+--------+
         Total |  27178 |  26325 |    853 |   3598 |  17234 |  25 | 1087.1 |
       Dungeon |  18275 |  17615 |    660 |   1898 |  12884 |  14 | 1305.4 |
        Temple |    227 |    162 |     65 |      0 |    157 |   1 |  227.0 |
  Orcish Mines |   2739 |   2668 |     71 |    614 |   1430 |   2 | 1369.5 |
   Elven Halls |   3455 |   3401 |     54 |    624 |   2112 |   2 | 1727.5 |
        Depths |      5 |      5 |      0 |      0 |      0 |   1 |    5.0 |
         Abyss |    857 |    857 |      0 |      0 |      0 |   3 |  285.7 |
       Ossuary |    745 |    745 |      0 |    253 |    285 |   1 |  745.0 |
        Bailey |    871 |    871 |      0 |    209 |    366 |   1 |  871.0 |
               +--------+--------+--------+--------+--------+-----+--------+

Top non-repeatable levels by time:
    D:13: 2022 daAuts
     D:8: 2002 daAuts
    D:12: 1909 daAuts
   Elf:2: 1754 daAuts
   Elf:1: 1700 daAuts
    D:14: 1601 daAuts
     D:3: 1588 daAuts
   Orc:1: 1551 daAuts
    D:15: 1450 daAuts
    D:11: 1284 daAuts
   Orc:2: 1187 daAuts
     D:7: 1055 daAuts
     D:2: 1018 daAuts
    D:10: 968 daAuts
     D:5: 923 daAuts
